 Dungeon Crawl Stone Soup version 0.23.2-40-g277498a001 (webtiles) character file.

Game seed: 12660734991049289984

27433 Htamos the Fighter (level 13, -6/104 HPs)
             Began as a Mummy Abyssal Knight on Sept 3, 2019.
             Was a High Priest of Lugonu.
             Mangled by an elephant (14 damage)
             ... on level 6 of the Lair of Beasts.
             The game lasted 00:45:33 (26922 turns).

Htamos the Fighter (Mummy Abyssal Knight)          Turns: 26922, Time: 00:45:33

Health: -6/104     AC: 19    Str: 20    XL:     13   Next: 4%
Magic:  16/20      EV:  7    Int: 12    God:    Lugonu [*****.]
Gold:   843        SH: 18    Dex: 17    Spells: 11/12 levels left

rFire    . . .     SeeInvis .   a - +5 hand axe
rCold    . . .     Gourm    .   p - +2 large shield
rNeg     + + +     Faith    .   h - +1 chain mail of Jet Ilibe {Dex+6 Stlth+}
rPois    ∞         Spirit   .   g - +1 helmet
rElec    .         Reflect  .   s - +2 cloak
rCorr    .         Harm     .   (no gloves)
MR       +....                  f - +0 pair of boots
Stlth    ..........             (no amulet)
HPRegen  0.27/turn              i - +2 ring of evasion
MPRegen  0.17/turn              w - ring of fire

@: no status effects
A: no food or potions, fire vulnerability, cold resistance 1, negative energy
resistance 3, torment resistance, unbreathing, in touch with death 1
a: Depart the Abyss, Bend Space, Banish, Corrupt, Enter the Abyss, Renounce
Religion


You were on level 6 of the Lair of Beasts.
You worshipped Lugonu.
Lugonu was extremely pleased with you.
You were not hungry.

You visited 2 branches of the dungeon, and saw 17 of its levels.
You visited the Abyss 1 time.

You collected 1015 gold pieces.
You spent 172 gold pieces at shops.

Inventory:

Hand Weapons
 a - a +5 hand axe (weapon)
 n - a +0 war axe of chopping
Missiles
 t - a throwing net (quivered)
Armour
 b - a +0 leather armour
 e - a +2 cloak
 f - a +0 pair of boots (worn)
 g - a +1 helmet (worn)
 h - the +1 chain mail of Jet Ilibe (worn) {Dex+6 Stlth+}
   (You found it on level 4 of the Dungeon)

   It affects your dexterity (+6).
   It makes you more stealthy.
 k - a +2 shield
 p - a +2 large shield (worn)
 s - a +2 cloak (worn)
Magical Staves
 j - an uncursed staff of air
Jewellery
 i - a +2 ring of evasion (left hand)
 u - an uncursed amulet of regeneration {unknown}
 v - an uncursed ring of magical power
 w - a ring of fire (right hand)
Wands
 r - a wand of polymorph (5)
Scrolls
 c - 5 scrolls of random uselessness
 d - 11 scrolls of remove curse
 l - 4 scrolls of amnesia
 m - 3 scrolls of blinking
 o - 2 scrolls of teleportation
 q - 4 scrolls of identify
 x - a scroll of magic mapping {unknown}


   Skills:
 + Level 10.7 Fighting
 + Level 8.9 Axes
 + Level 8.9 Armour
 - Level 0.7 Dodging
 + Level 7.6 Shields
 + Level 9.6 Invocations


You had 11 spell levels left.
You knew the following spells:

 Your Spells              Type           Power        Failure   Level  Hunger
a - Animate Skeleton      Necr           N/A          100%        1    N/A

Your spell library contained the following spells:

 Spells                   Type           Power        Failure   Level  Hunger
 Apportation              Tloc           #.....       100%        1    N/A
 Confusing Touch          Hex            #.....       100%        1    N/A
 Magic Dart               Conj           #...         100%        1    N/A
 Sandblast                Erth           #.....       100%        1    N/A
 Shock                    Conj/Air       #...         100%        1    N/A
 Summon Butterflies       Summ           #.......     100%        1    N/A
 Summon Small Mammal      Summ           #...         100%        1    N/A
 Blink                    Tloc           N/A          100%        2    N/A
 Call Imp                 Summ           #.......     100%        2    N/A
 Passwall                 Tmut/Erth      #.......     100%        2    N/A
 Slow                     Hex            #.......     100%        2    N/A
 Swiftness                Chrm/Air       #.......     100%        2    N/A
 Call Canine Familiar     Summ           #.......     100%        3    N/A
 Confuse                  Hex            #.......     100%        3    N/A
 Conjure Flame            Conj/Fire      #.......     100%        3    N/A
 Gell's Gravitas          Tloc           #.........   100%        3    N/A
 Mephitic Cloud           Conj/Pois/Air  #.......     100%        3    N/A
 Static Discharge         Conj/Air       #.......     100%        3    N/A
 Stone Arrow              Conj/Erth      #.....       100%        3    N/A
 Airstrike                Air            #.........   100%        4    N/A
 Petrify                  Tmut/Erth      #.......     100%        4    N/A
 Summon Ice Beast         Ice/Summ       #.......     100%        4    N/A
 Lee's Rapid Deconstruct  Erth           #.........   100%        5    N/A
 Lightning Bolt           Conj/Air       #.........   100%        5    N/A
 Metabolic Englaciation   Hex/Ice        #.........   100%        5    N/A
 Summon Mana Viper        Hex/Summ       #.......     100%        5    N/A
 Yara's Violent Unravell  Hex/Tmut       #.........   100%        5    N/A
 Summon Hydra             Summ           #.........   100%        7    N/A

Dungeon Overview and Level Annotations

Branches:
Dungeon (11/15)            Temple (0/1) D:6            Lair (6/6) D:8
  Swamp (0/4) Lair:4        Snake (0/4) Lair:4        Slime (0/5) Lair:5
    Orc: D:9-12

Altars:
Cheibriados
Nemelex Xobeh
Okawaru
Trog
Wu Jian
Zin

Shops:
D:5 *   D:6 ?   D:9 *

Annotations:
D:3 exclusion: downstairs
D:6 exclusion: downstairs
D:9 exclusion: downstairs
Lair:4 exclusion: oklob plant
Lair:5 3 runed translucent doors, Inugoy's ghost, journeyman HOFi
Abyss:1 Erolcha, Nergalle


Innate Abilities, Weirdness & Mutations

You do not eat or drink.
Your flesh is vulnerable to fire.
You are immune to poison.
Your flesh is cold resistant. (rC+)
You are immune to negative energy. (rN+++)
You are immune to unholy pain and torment.
You can survive without breathing.
You are in touch with the powers of death.


Message History

You hold your ground!
The elephant trunk-slaps you but does no damage.
You hit the elephant.
The elephant is severely wounded.
You block the elephant's attack.
The elephant trunk-slaps you but does no damage.
You hit the elephant.
The elephant is severely wounded.
You block the elephant's attack. x2
You hit the elephant but do no damage.
The elephant is severely wounded.
The elephant tramples you!
* * * LOW HITPOINT WARNING * * *
You hold your ground!
The elephant barely misses you.
Unknown command.
Press: ? - help, Shift-Dir - straight line, f/p - elephant
Aim: an elephant (severely wounded, chance to defeat MR: 57%)
The elephant resists with significant effort.
The elephant tramples you!
You die...

#... #....#
##.... #.....
### ###
#....###.##...#
###....#@Y.†.#
..........##...#
..........#
.......
P.....#.#P#
....#..
........###
....# .
.#.P....# ....#
##.....## ....#
# ##.....# #####
##.#.....##


You could see an elephant.

Vanquished Creatures
  A cyclops (D:10)
  3 elephants
  2 black mambas
  6 spiny frogs
  A centaur skeleton (D:9)
  5 komodo dragons
  A rime drake (Lair:5)
  A hornet (D:6)
  A tyrant leech (Lair:4)
  6 hippogriffs
  5 blink frogs (Lair:5)
  A redback (D:10)
  A spriggan (D:9)
  A shadow (D:6)
  A wyvern (D:8)
  3 basilisks
  37 yaks
  3 hungry ghosts
  A steam dragon (Lair:4)
  2 nagas (Lair:4)
  10 water moccasins
  2 swamp worms (Lair:4)
  16 porcupines
  A black bear (D:9)
  2 orc warriors
  5 ice beasts
  2 eyes of draining (D:10)
  9 ogres
  A phantom (D:9)
  29 wolves (Lair:5)
  A necrophage (D:5)
  4 centaurs
  6 crocodiles
  2 big kobolds (D:6)
  7 bullfrogs
  6 killer bees
  3 scorpions (D:6)
  5 wights (D:9)
  5 howler monkeys
  5 crimson imps
  A bullfrog zombie (D:7)
  A quasit (D:8)
  2 gnoll shamans (D:5)
  7 hounds
  3 jellies
  5 orc priests
  A centaur zombie (D:7)
  2 bullfrog skeletons (D:10)
  6 iguanas
  7 worker ants
  6 orc wizards
  4 polar bear simulacra (Lair:2)
  2 yak simulacra (Lair:2)
  2 wolf simulacra (Lair:2)
  A hound zombie (D:7)
  3 hound skeletons
  A worker ant zombie (D:5)
  Robin (D:2)
  12 gnolls
  An adder (D:3)
  6 shadow imps
  2 adder skeletons
  2 worms
  A dart slug (D:2)
  4 leopard geckos
  37 orcs
  2 giant cockroaches
  17 goblins
  9 hobgoblins
  6 jackals
  10 kobolds
  3 quokkas
  A ball python (D:3)
  8 bats
  5 frilled lizards
  A jackal skeleton (D:4)
  2 quokka skeletons
  A quokka zombie (D:5)
  11 rats
  3 river rat simulacra (Lair:2)
  5 fungi
407 creatures vanquished.

Vanquished Creatures (collateral kills)
  A porcupine (Lair:5)
  4 jellies (Lair:5)
  An ooze (Lair:5)
6 creatures vanquished.

Vanquished Creatures (others)
  A hydra (Lair:5)
  A necromancer (Lair:3)
  A komodo dragon (Lair:4)
  2 yaks (Lair:2)
  A wolf (Lair:5)
  26 fungi
  7 plants
39 creatures vanquished.

Grand Total: 452 creatures vanquished

Notes
Turn   | Place    | Note
-------+----------+-------------------------------------------
     0 | Abyss:1  | Htamos the Mummy Abyssal Knight began the quest for the
                  | Orb.
     0 | Abyss:1  | Reached XP level 1. HP: 18/18 MP: 2/2
    75 | Abyss:1  | Noticed a neqoxec
   117 | Abyss:2  | Noticed a flying skull
   118 | Abyss:2  | Noticed a flying skull
   122 | D:1      | Escaped the Abyss
   199 | D:1      | Reached * piety under Lugonu
   365 | D:1      | Reached XP level 2. HP: 7/24 MP: 3/3
  1942 | D:2      | Reached XP level 3. HP: 29/29 MP: 4/4
  3008 | D:2      | Noticed Robin
  3024 | D:2      | Killed Robin
  3505 | D:3      | Reached XP level 4. HP: 35/35 MP: 5/5
  3512 | D:3      | Reached ** piety under Lugonu
  3993 | D:3      | Reached XP level 5. HP: 37/42 MP: 5/7
  4002 | D:3      | Reached skill level 4 in Fighting
  4237 | D:3      | Found a bloodstained altar of Trog.
  4609 | D:4      | Noticed an ogre
  5156 | D:4      | Got a blackened chain mail
  5193 | D:5      | Entered Level 5 of the Dungeon
  5204 | D:5      | Identified the cursed +1 chain mail of Jet Ilibe {Dex+6
                  | Stlth+} (You found it on level 4 of the Dungeon)
  5438 | D:4      | Reached XP level 6. HP: 47/48 MP: 8/8
  6036 | D:5      | Found an iron altar of Okawaru.
  6111 | D:5      | Found Dauv's Assorted Antiques.
  6138 | D:5      | Bought a scroll of enchant weapon for 172 gold pieces
  6247 | D:5      | Reached XP level 7. HP: 12/55 MP: 9/9
  6706 | D:5      | Reached skill level 5 in Fighting
  6768 | D:5      | Reached *** piety under Lugonu
  7356 | D:6      | Found a staircase to the Ecumenical Temple.
  7368 | D:6      | Found a glowing silver altar of Zin.
  7602 | D:6      | Reached XP level 8. HP: 63/63 MP: 11/11
  7704 | D:6      | Noticed a hornet
  7710 | D:6      | Killed a hornet
  7726 | D:6      | Found Luynwett's Magic Scroll Emporium.
  7806 | D:6      | Reached skill level 1 in Shields
  7875 | D:6      | Reached skill level 6 in Fighting
  8022 | D:6      | Reached skill level 5 in Invocations
  8681 | D:6      | Reached XP level 9. HP: 71/71 MP: 11/13
  8846 | D:7      | Reached skill level 5 in Armour
  8868 | D:7      | Reached **** piety under Lugonu
  8868 | D:7      | Reached skill level 5 in Axes
  9874 | D:7      | Reached skill level 7 in Fighting
 10700 | D:8      | Found a staircase to the Lair.
 11199 | D:7      | Reached XP level 10. HP: 67/79 MP: 14/14
 11380 | D:8      | Found an ornate altar of the Wu Jian Council.
 12123 | D:9      | Found Gugeh's Elemental Accessories.
 12135 | D:9      | Reached ***** piety under Lugonu
 12323 | D:9      | Noticed Erolcha
 12398 | D:9      | Banished Erolcha
 12413 | D:9      | Reached skill level 8 in Fighting
 13115 | D:9      | Found a sparkling altar of Nemelex Xobeh.
 13449 | D:10     | Entered Level 10 of the Dungeon
 13481 | D:10     | Noticed a two-headed ogre
 13511 | D:10     | a two-headed ogre changed into a redback
 13833 | D:10     | Reached skill level 5 in Shields
 13941 | D:10     | Noticed Sonja
 13943 | D:10     | Noticed Sonja
 13943 | D:10     | Sonja changed into Sonja the spriggan
 14230 | D:9      | Killed Sonja the spriggan
 14309 | D:10     | Reached XP level 11. HP: 81/87 MP: 0/16
 15357 | Lair:1   | Entered Level 1 of the Lair of Beasts
 16215 | Lair:1   | Reached skill level 9 in Fighting
 16687 | Lair:2   | Found a gate leading to a gauntlet.
 17889 | Lair:2   | Noticed a necromancer
 17913 | Lair:3   | Banished a necromancer
 19119 | Lair:2   | Noticed Nergalle
 19121 | Lair:2   | Banished Nergalle
 20941 | Lair:3   | Reached XP level 12. HP: 75/97 MP: 18/18
 21426 | Lair:3   | You fall through a shaft for 2 floors!
 21426 | Lair:5   | Found a staircase to the Slime Pits.
 21810 | Lair:5   | Noticed an eight-headed hydra
 21812 | Lair:5   | Banished an eight-headed hydra
 21938 | Lair:5   | Noticed a death yak
 21945 | Lair:5   | Found a runed translucent gate.
 21945 | Lair:5   | Found a runed translucent gate.
 21945 | Lair:5   | Found a runed translucent gate.
 21945 | Lair:5   | Noticed Inugoy's ghost (journeyman HOFi)
 21965 | Lair:5   | Reached skill level 10 in Fighting
 22550 | Lair:3   | Found a snail-covered altar of Cheibriados.
 24559 | Lair:4   | Found a staircase to the Snake Pit.
 24623 | Lair:4   | Found a staircase to the Swamp.
 26558 | Lair:5   | Gained mutation: You are in touch with the powers of death.
                  | [Mummy growth]
 26558 | Lair:5   | Reached XP level 13. HP: 84/104 MP: 20/20
 26773 | Lair:5   | Learned a level 1 spell: Animate Skeleton
 26782 | Lair:6   | Entered Level 6 of the Lair of Beasts
 26922 | Lair:6   | Mangled by an elephant

Skill      XL: |  1  2  3  4  5  6  7  8  9 10 11 12 |
---------------+-------------------------------------+-----
Invocations    | 2 3 4 5 6 7 8 9 |  9.6
Armour         | 2 3 4 5 6 7 8 |  8.9
Axes           | 2 3 4 5 6 7 8 |  8.9
Fighting       | 4 5 6 7 8 9 10 | 10.7
Shields        | 2 3 5 6 7 |  7.6
Dodging        | |  0.7

Action                   |  1- 3 |  4- 6 |  7- 9 | 10-12 | 13-15 || total
-------------------------+-------+-------+-------+-------+-------++-------
Melee: Hand axe          |   150 |   176 |   523 |  1759 |    54 ||  2662
Invok: Depart the Abyss  |     1 |       |       |       |       ||     1
       Banish            |       |       |       |     6 |     1 ||     7
Evoke: Wand              |       |       |     5 |    24 |     2 ||    31
  Use: Scroll            |     5 |     4 |       |     7 |       ||    16
Armor: Leather armour    |    51 |    33 |       |       |       ||    84
       Chain mail        |       |    58 |   273 |   674 |    18 ||  1023
Dodge: Dodged            |    95 |    72 |    74 |   286 |     7 ||   534
Block: Shield            |       |    64 |    69 |       |       ||   133
       Large shield      |       |       |   293 |  1390 |    40 ||  1723
